 Dungeon Crawl Stone Soup version 0.29.1-13-g9f3cf754e1 (webtiles) character file.

Game seed: 7292243620478872883

105 H0rd4k the Charlatan (level 4, -1/30 HPs)
             Began as an Octopode Artificer on Feb 8, 2023.
             Slain by an ogre
             ... wielding a +0 giant club
              (31 damage)
             ... on level 3 of the Dungeon.
             The game lasted 00:02:20 (4063 turns).

H0rd4k the Charlatan (Octopode Artificer)           Turns: 4063, Time: 00:02:20

Health: -1/30      AC:  1    Str: 11    XL:     4   Next: 83%
Magic:  6/6        EV: 13    Int: 15    God:
Gold:   157        SH:  0    Dex: 12    Spells: 4/6 levels left

rFire   . . .      SeeInvis .     - Unarmed
rCold   . . .      Faith    .   (no shield)
rNeg    . . .      Spirit   .   (helmet restricted)
rPois   .          Reflect  .   e - amulet of the acrobat
rElec   .          Harm     .   (no ring)
rCorr   .          Rampage  .   (no ring)
Will    .....                   (no ring)
Stlth   +++.......              (no ring)
HPRegen 0.10/turn               (no ring)
MPRegen 0.10/turn               (no ring)
                                (no ring)
                                (no ring)

@: no status effects
A: almost no armour, amphibious, 8 rings, camouflage 1, gelatinous body 1,
(nimble swimmer 1), tentacles
a: no special abilities


You were on level 3 of the Dungeon.
You visited 1 branch of the dungeon, and saw 3 of its levels.

You collected 157 gold pieces.

Inventory:

Missiles
 h - 4 poisoned darts
Jewellery
 e - an amulet of the acrobat (around mantle)
Wands
 b - a wand of flame (15) (quivered)
 c - a wand of charming (15)
 d - a wand of iceblast (5)
Scrolls
 a - 3 scrolls of identify {unknown}
 j - 3 scrolls of noise {unknown}
 k - 2 scrolls of enchant armour {unknown}
 m - a scroll of poison {unknown}
 n - 2 scrolls of enchant weapon {unknown}
 o - a scroll of teleportation {unknown}
 q - a scroll of magic mapping {unknown}
Potions
 f - a potion of might {unknown}
 g - a potion of flight {unknown}
 i - a potion of lignification {unknown}
 l - a potion of curing {unknown}
 p - a potion of invisibility {unknown}


   Skills:
 * Level 2.5 Fighting
 - Level 2.3 Dodging
 - Level 1.3 Stealth
 + Level 2.0 Unarmed Combat
 * Level 1.6 Spellcasting
 * Level 1.7 Poison Magic
 - Level 3.2 Evocations


You had 4 spell levels left.
You knew the following spells:

 Your Spells              Type           Power      Damage    Failure   Level
a - Poisonous Vapours     Pois/Air       6%         N/A       24%         2

Your spell library contained the following spells:

 Spells                   Type           Power      Damage    Failure   Level
 Ozocubu's Armour         Ice            1%         N/A       56%         3
 Corpse Rot               Necr/Pois/Air  2%         N/A       88%         4
 Metabolic Englaciation   Hex/Ice        0%         N/A       100%        5
 Simulacrum               Ice/Necr       0%         N/A       100%        6


Dungeon Overview and Level Annotations

Branches:
Dungeon (3/15)

Altars:


Innate Abilities, Weirdness & Mutations

You cannot wear most types of armour.
You are amphibious.
You can wear up to eight rings at the same time.
Your skin changes colour to match your surroundings (Stealth+).
Your rubbery body absorbs attacks. (AC +1, EV +1)
((You are camouflaged when in or above water. (Stealth+)))
You have tentacles for arms and can constrict up to eight enemies at once.


Message History

A goblin comes into view. It is wielding a +0 dagger.
A goblin is nearby!
A goblin is nearby!
A goblin is nearby!
A goblin is nearby!
The goblin shouts!
The goblin hits you with a +0 dagger.
You barely miss the goblin. You grab the goblin. You squeeze the goblin.
You kill the goblin!
Things that are here:
a +0 dagger; a goblin corpse No target in view!
No target in view!
Found a leather armour.
You see here a +0 leather armour.
Key pressed, stopping explore.
No target in view!
Found a stone staircase leading up.
No target in view!
You now have 157 gold pieces (gained 4).
Key pressed, stopping explore.
No target in view!
You see here a +0 leather armour.
Key pressed, stopping explore.
No target in view!
Things that are here:
a +0 dagger; a goblin skeleton Key pressed, stopping explore.
No target in view!
An ogre comes into view. It is wielding a +0 giant club.
The ogre shouts!
You barely miss the ogre. You squeeze the ogre, but do no damage.
The ogre barely misses you.
An ogre is nearby!
You barely miss the ogre.
An ogre is nearby!
You tentacle-slap the ogre but do no damage.
The ogre hits you with a +0 giant club!!
Ouch! That really hurt!
You die...

## #.#.######## .#
#..<..........
.####.##########.#
.#.............#.#
.#.##.########.#.#
.#.##.# #.#.#
.#.##.# #.#.#
##.##.# #.#O#
#.##.# #.#@##
#....# #....#
#..### ######
##..# ...## #### #
# #


You could see an ogre.

Vanquished Creatures
  3 adders
  A worm (D:2)
  4 dart slugs
  9 bats
  8 endoplasms
  A giant cockroach (D:3)
  4 goblins
  3 hobgoblins
  7 jackals
  5 quokkas
  3 ball pythons
  10 frilled lizards
  5 kobolds
  2 rats (D:2)
65 creatures vanquished.

Vanquished Creatures (others)
  7 plants (D:1)
7 creatures vanquished.

Grand Total: 72 creatures vanquished

Notes
Turn   | Place    | Note
-------+----------+-------------------------------------------
     0 | D:1      | H0rd4k the Octopode Artificer began the quest for the Orb.
     0 | D:1      | Reached XP level 1. HP: 13/13 MP: 1/1
   403 | D:1      | Reached XP level 2. HP: 14/18 MP: 2/2
   743 | D:1      | Reached skill level 1 in Spellcasting
   764 | D:1      | Learned a level 2 spell: Poisonous Vapours
  1132 | D:1      | Reached XP level 3. HP: 24/24 MP: 4/4
  1813 | D:2      | Reached skill level 1 in Unarmed Combat
  1844 | D:2      | Found a faded altar of an unknown god.
  1847 | D:2      | Reached skill level 1 in Poison Magic
  2000 | D:2      | Reached XP level 4. HP: 23/29 MP: 6/6
  4059 | D:3      | Noticed an ogre
  4063 | D:3      | Slain by an ogre

Illustrated notes

Levels and vault maps discovered:
D:1:      roderic_crossed_star, layout_basic, minmay_lizard_king
D:2:      layout_loops_ring, shapermc_ecumenical_altar_venn,
          minmay_misc_feat_cross
D:3:      layout_basic

Skill      XL: |  1  2  3  4 |
---------------+-------------+-----
Spellcasting   | 1 |  1.6
Fighting       | 2 |  2.5
Unarmed Combat | 1 2 |  2.0
Poison Magic   | 1 |  1.7
Dodging        | |  2.3
Stealth        | |  1.3
Evocations     | |  3.2

Action                   |  1- 3 |  4- 6 || total
-------------------------+-------+-------++-------
Melee: Unarmed           |   111 |    71 ||   182
       Constrict         |    25 |    17 ||    42
       Tentacles         |    20 |    15 ||    35
       Punch             |     2 |     3 ||     5
 Stab: Sleeping          |     7 |    10 ||    17
Armor: Skin              |    10 |     1 ||    11
Dodge: Dodged            |    71 |    64 ||   135
